AoeStats
← MrAdrianz

Scandinavia

511789102Analyzed
1v1 RM · 13d ago on Oct 6, 2026· 41m 25s· 2 players
Game mode
Random Map
Map size
Tiny (2 player)
Population
200
Speed
Normal
Resources
Standard
Victory
Conquest
Starting age
Dark Age
Ending age
Imperial Age
RankedLock teamsTeams togetherTeam positionsShared explorationLock speedFull tech treeHidden civsTurbo modeCheats
Victory
Defeat
🇵🇹 Italians · Portugal
595
+34
vs
🇨🇦 Dravidians · Canada
633
-18
MrAdrianz
11:26 Feudal Age
11:51 Horse Collar
11:58 Double-Bit Axe
14:07 Wheelbarrow
16:16 Scale Barding Armor
19:29 Castle Age
18:44 Forging
19:04 Bloodlines
20:13 Husbandry
20:51 Gold Mining
23:21 Bow Saw
24:29 Hand Cart
27:27 Loom
35:01 Imperial Age
33:17 Stone Mining
34:52 Murder Holes
39:38 Cavalier
antho
13:42 Feudal Age
13:04 Loom
14:37 Town Watch
15:27 Wheelbarrow
14:40 Double-Bit Axe
15:21 Fishing Lines
16:36 Horse Collar
19:21 Man-at-Arms
25:50 Castle Age
24:59 Gold Mining
25:01 Stone Mining
26:11 Pikeman
26:52 Squires
27:53 Heavy Plow
28:07 Bow Saw
29:41 Town Patrol
33:11 Hand Cart
38:01 Gillnets
Connection lost

Rejoining the realm…

Still unreachable

The connection could not be restored.

Session expired

The server has moved on; the page needs a fresh start.